 Dungeon Crawl Stone Soup version 0.28.0 (webtiles) character file.

Game seed: 82639128587772535

69 spaghetti the Skirmisher (level 4, 0/53 HPs)
             Began as an Ogre Delver on Feb 18, 2022.
             Slain by a scorpion zombie (7 damage)
             ... on level 5 of the Dungeon.
             The game lasted 00:00:36 (34 turns).

spaghetti the Skirmisher (Ogre Delver)                Turns: 34, Time: 00:00:36

Health: 0/53       AC:  3    Str: 16    XL:     4   Next: 20%
Magic:  4/4        EV:  9    Int: 13    God:
Gold:   0          SH:  0    Dex: 10    Spells: 3/3 levels left

rFire   . . .      SeeInvis .   a - +0 mace
rCold   . . .      Faith    .   (no shield)
rNeg    . . .      Spirit   .   b - +0 robe
rPois   .          Reflect  .   (helmet restricted)
rElec   .          Harm     .   (no cloak)
rCorr   .          Rampage  .   (gloves unavailable)
Will    .....                   (boots unavailable)
Stlth   ++........              (no amulet)
HPRegen 0.17/turn               (no ring)
MPRegen 0.09/turn               (no ring)

@: hasted, very quick
A: large, unfitting armour, tough skin 1
a: no special abilities


You were on level 5 of the Dungeon.
You visited 1 branch of the dungeon, and saw 1 of its levels.

Inventory:

Hand Weapons
 a - a +0 mace (weapon)
Armour
 b - a +0 robe (worn)
Wands
 g - a wand of digging (3)
Scrolls
 c - a scroll of fog
 d - a scroll of magic mapping
 e - a scroll of fear
 h - a scroll of identify {unknown}


   Skills:
 + Level 6.5 Fighting
 - Level 1.7 Maces & Flails
 - Level 1.7 Dodging
 - Level 3.7 Stealth


You had 3 spell levels left.
You didn't know any spells.
Your spell library contained the following spells:

 Spells                   Type           Power      Damage    Failure   Level
 Animate Skeleton         Necr           0%         N/A       30%         1
 Pain                     Necr           0%         1d4       30%         1
 Vampiric Draining        Necr           0%         2d6       67%         3


Dungeon Overview and Level Annotations

Branches:
Dungeon (5/15)
 Temple: D:4-7

Altars:


Innate Abilities, Weirdness & Mutations

You are too large for most types of armour.
You have tough skin. (AC +1)


Message History

The hound bites you. The scorpion zombie hits you.
You closely miss the hound.
The hound is severely wounded.
The hound bites you. The hound bites you but does no damage.
The scorpion zombie hits you.
You closely miss the hound.
The hound is severely wounded.
The hound bites you. The scorpion zombie barely misses you.
The hound bites you but does no damage.
You closely miss the hound.
The hound is severely wounded.
The hound bites you but does no damage. The scorpion zombie barely misses you.
The hound completely misses you. The scorpion zombie barely misses you.
You sock the hound!
You kill the hound!
The scorpion zombie hits you.
Your Fighting skill increases to level 6!
You have reached level 4!
You hit the scorpion zombie.
The scorpion zombie is severely damaged.
The scorpion zombie hits you. The gnoll hits you with a +0 whip.
You barely miss the scorpion zombie.
The scorpion zombie is severely damaged.
The scorpion zombie barely misses you. The gnoll barely misses you.
The scorpion zombie hits you.
Okay, then.
You hit the scorpion zombie but do no damage.
The scorpion zombie is severely damaged.
A gnoll comes into view. It is wielding a +0 flail.
The gnoll hits you with a +0 whip.
* * * LOW HITPOINT WARNING * * *
A gnoll comes into view. It is wielding a +0 flail.
A hound comes into view.
The scorpion zombie hits you.
* * * LOW HITPOINT WARNING * * *
You feel yourself speed up. The gnoll hits you with a +0 whip.
* * * LOW HITPOINT WARNING * * *
The scorpion zombie hits you but does no damage.
The scorpion zombie hits you!
You die...

#... ..# ..# #
..#..# .#
##.##.###.##.
######......... .
.........?......
#Z@##...#.# #
##.###.g##.#.#.##.
....g.............
##.###g.#....#.#
...............#
...###.#####.h.# .
#.. #..># #..
#.#.# #.. #.#.#


You could see 3 gnolls and a scorpion zombie.

Vanquished Creatures
  A howler monkey (D:5)
  A hound (D:5)
2 creatures vanquished.

Notes
Turn   | Place    | Note
-------+----------+-------------------------------------------
     0 | D:5      | spaghetti the Ogre Delver began the quest for the Orb.
     0 | D:5      | Reached XP level 1. HP: 24/24 MP: 1/1
     8 | D:5      | Noticed a howler monkey
    18 | D:5      | Killed a howler monkey
    19 | D:5      | Reached skill level 5 in Fighting
    19 | D:5      | Reached XP level 2. HP: 36/36 MP: 2/2
    19 | D:5      | Reached XP level 3. HP: 44/44 MP: 3/3
    30 | D:5      | Reached skill level 6 in Fighting
    30 | D:5      | Reached XP level 4. HP: 27/53 MP: 4/4
    34 | D:5      | Slain by a scorpion zombie

Illustrated notes

Levels and vault maps discovered:
D:5:      layout_basic, mainiacjoe_overflow_cross_hatched, grunt_ministairs_9,
          mrwooster_statue_mirror

Skill      XL: |  1  2  3 |
---------------+----------+-----
Fighting       | 5 6 |  6.5
Maces & Flails | |  1.7
Dodging        | |  1.7
Stealth        | |  3.7

Action                   |  1- 3 |  4- 6 || total
-------------------------+-------+-------++-------
Melee: Mace              |    16 |     3 ||    19
       Punch             |     1 |       ||     1
  Use: Potion            |       |     1 ||     1
Armor: Robe              |     4 |     1 ||     5
Dodge: Dodged            |    18 |     2 ||    20
